cohdb
Replays
Latest Replays
All Replays
Popular Replays
Top Player Replays
Match Explorer
How It Works
Community
CoH3 Stats
Reddit
Sign in to upload your games and track your stats! →
Sign in with Steam
Match 45909721
Unlisted
Match 45909721
Overview
Messages
Build Orders
End
Selects Australian Defense Battlegroup
Selects Australian Light Infantry Section
Australian Light Infantry Section
Construct Section Command Post
Dingo Light Scout Car
Australian Light Infantry Section
Infantry Section
Selects 2-pounder Anti-tank Gun Team
Construct Platoon Command Post
Humber Armored Car
CMP 15cwt Truck
2-pounder Anti-tank Gun Team
Vickers Machine Gun Team
2-pounder Anti-tank Gun Team
Construct Company Command Post
Selects Vehicle Over Repair
Royal Engineer Section
Unlock M3 Grant Medium Tanks
john_wik
Seby0505
Fajolada
Leo
0
0
Comments
sign in to comment!
No comments posted yet!